 Dungeon Crawl Stone Soup version 0.21.1-1-g345015f (webtiles) character file.

807 Eggbaby the Tainter (level 7, 0/41 HPs)
             Began as an Octopode Venom Mage on June 25, 2018.
             Succumbed to a worker ant's poison
             ... on level 4 of the Dungeon.
             The game lasted 00:21:13 (3614 turns).

Eggbaby the Tainter (Octopode Venom Mage)           Turns: 3614, Time: 00:21:14

Health: 0/41       AC:  1    Str:  7    XL:     7   Next: 92%
Magic:  1/10       EV: 13    Int: 19    God:
Gold:   219        SH:  0    Dex: 13    Spells: 3/10 levels left

rFire    + . .     SeeInvis .   k - +1 whip (holy)
rCold    + . .     Gourm    .   (no shield)
rNeg     . . .     Faith    .   (helmet restricted)
rPois    +         Spirit   .   (no amulet)
rElec    +         Reflect  .   (no ring)
rCorr    +         Harm     .   (no ring)
MR       .....                  (no ring)
Stlth    +++.......             (no ring)
HPRegen  0.13/turn              (no ring)
MPRegen  0.12/turn              (no ring)
                                (no ring)
                                (no ring)

@: lethally poisoned (0 -> -10), resistant
A: almost no armour, stealthy swim, amphibious, 8 rings, constrict 8, camouflage
1, gelatinous body 1
a: no special abilities


You were on level 4 of the Dungeon.
You were hungry.

You visited 1 branch of the dungeon, and saw 4 of its levels.

You collected 219 gold pieces.

Inventory:

Hand Weapons
 j - a +0 short sword
 k - a +1 whip of holy wrath (weapon)
Scrolls
 c - a scroll of magic mapping
 d - a scroll of fog
 g - a scroll of teleportation
 m - a scroll of remove curse {unknown}
Potions
 f - 3 potions of haste
 h - a potion of cancellation {unknown}
 i - 2 potions of mutation {unknown}
 l - 2 potions of might {unknown}
Books
 a - a Young Poisoner's Handbook

   Spells                             Type                      Level
   a - Sting                          Conjuration/Poison           1
   b - Poisonous Vapours              Poison/Air                   2
   c - Mephitic Cloud                 Conjuration/Poison/Air       3
   d - Olgreb's Toxic Radiance        Poison                       4
   e - Venom Bolt                     Conjuration/Poison           5
Comestibles
 b - 7 rations


   Skills:
 - Level 0.1 Short Blades
 - Level 2.0 Dodging
 - Level 2.6 Stealth
 - Level 2.0 Spellcasting
 * Level 3.4 Conjurations
 - Level 10.0 Poison Magic


You had 3 spell levels left.
You knew the following spells:

 Your Spells              Type           Power        Failure   Level  Hunger
a - Sting                 Conj/Pois      ####         1%          1    #......
b - Poisonous Vapours     Pois/Air       ###...       3%          2    ###....
c - Olgreb's Toxic Radia  Pois           #####...     2%          4    #####..


Dungeon Overview and Level Annotations

Branches:
Dungeon (4/15)
 Temple: D:4-7

Altars:


Innate Abilities, Weirdness & Mutations

You cannot wear most types of armour.
You are very stealthy in the water. (Stealth+)
You are amphibious.
You can wear up to eight rings at the same time.
You can use your tentacles to constrict eight enemies at once.
Your skin changes colour to match your surroundings (Stealth+).
Your rubbery body absorbs attacks. (AC +1, EV +1)


Message History

You constrict the worker ant, but do no damage.
You feel sick. The worker ant bites you.
* * * LOW HITPOINT WARNING * * *
You are lethally poisoned!
The worker ant poisons you! The worker ant bites you.
* * * LOW HITPOINT WARNING * * *
Okay, then.
You release your grip on the worker ant.
* * * LOW HITPOINT WARNING * * *
You feel sick.
* * * LOW HITPOINT WARNING * * *
You feel sick.
* * * LOW HITPOINT WARNING * * *
You feel sick.
* * * LOW HITPOINT WARNING * * *
You feel sick.
You kill the worker ant!
It was a potion of resistance.
You feel protected.
You die...

.......# .....
##...### ...#
#.....## ### ..#
.......## ##.###.#
........####...##.#
....†...'.........#
........####...#.##
.......## ##.##.#
#.....## ####@#
##...## #.# ##+##
#.# #.# #.# #.# #.#
#.#


There were no monsters in sight!

Vanquished Creatures
  The ghost of warborn304 the Cudgeler, an amateur OpCK of Xom (D:4)
  The ghost of aciddrop the Chopper, an amateur HOMo (D:3)
  An ogre (D:4)
  A hound (D:4)
  2 orc priests (D:3)
  An orc wizard (D:3)
  4 worker ants (D:4)
  Natasha (thrice) (D:3)
  10 adders
  5 worms
  2 dart slugs (D:4)
  3 leopard geckos
  2 orcs (D:3)
  4 giant cockroaches
  6 goblins
  4 hobgoblins
  7 kobolds
  3 quokkas
  2 bats (D:2)
  8 frilled lizards
  A quokka skeleton (D:4)
  4 rats
75 creatures vanquished.

Notes
Turn   | Place    | Note
-------+----------+-------------------------------------------
     0 | D:1      | Eggbaby the Octopode Venom Mage began the quest for the Orb.
     0 | D:1      | Reached XP level 1. HP: 11/11 MP: 3/3
   100 | D:1      | Reached skill level 4 in Poison Magic
   191 | D:1      | Reached XP level 2. HP: 13/17 MP: 0/5
   840 | D:2      | Reached XP level 3. HP: 19/21 MP: 6/6
   844 | D:2      | Learned a level 2 spell: Poisonous Vapours
   852 | D:2      | Reached skill level 5 in Poison Magic
  1110 | D:2      | Reached XP level 4. HP: 27/27 MP: 0/7
  1470 | D:3      | Reached skill level 6 in Poison Magic
  1794 | D:3      | Noticed Natasha
  1797 | D:3      | Killed Natasha
  1873 | D:3      | Noticed aciddrop's ghost (amateur HOMo)
  1920 | D:3      | Killed aciddrop's ghost
  1920 | D:3      | Reached skill level 7 in Poison Magic
  1920 | D:3      | Reached XP level 5. HP: 27/31 MP: 8/8
  1972 | D:3      | Learned a level 4 spell: Olgreb's Toxic Radiance
  1999 | D:3      | Reached XP level 6. HP: 17/36 MP: 0/9
  2075 | D:3      | Reached skill level 8 in Poison Magic
  2756 | D:3      | Noticed Natasha
  2761 | D:3      | Killed Natasha
  3059 | D:3      | Noticed Natasha
  3061 | D:3      | Killed Natasha
  3281 | D:4      | Reached skill level 9 in Poison Magic
  3303 | D:4      | Noticed warborn304's ghost (amateur OpCK)
  3347 | D:4      | Killed warborn304's ghost
  3347 | D:4      | Reached skill level 10 in Poison Magic
  3347 | D:4      | Reached XP level 7. HP: 41/41 MP: 3/10
  3381 | D:4      | HP: 1/41 [ogre/giant club (16)]
  3612 | D:4      | HP: 2/41 [poisoned by a worker ant]
  3614 | D:4      | Succumbed to a worker ant's poison

Skill      XL: |  1  2  3  4  5  6  7 |
---------------+----------------------+-----
Poison Magic   | 4 5 7 10 | 10.0
Conjurations   | 3 |  3.4
Short Blades   | |  0.1
Dodging        | |  2.0
Stealth        | |  2.6
Spellcasting   | |  2.0

Action                   |  1- 3 |  4- 6 |  7- 9 || total
-------------------------+-------+-------+-------++-------
Melee: Unarmed           |    42 |    14 |       ||    56
       Constrict         |    11 |    14 |     2 ||    27
       Tentacles         |     6 |     4 |     1 ||    11
       Whip              |       |   114 |    16 ||   130
       Short sword       |       |    10 |       ||    10
 Cast: Sting             |    22 |       |       ||    22
       Poisonous Vapours |    13 |    34 |     3 ||    50
       Olgreb's Toxic Ra |       |     7 |     5 ||    12
  Use: Scroll            |     3 |     4 |       ||     7
       Potion            |       |     4 |     1 ||     5
 Stab: Sleeping          |     3 |     4 |     1 ||     8
  Eat: Ration            |     1 |     2 |       ||     3
       Chunk             |       |     4 |       ||     4
Armor: Skin              |     2 |    54 |     1 ||    57
Dodge: Dodged            |    25 |    29 |     8 ||    62
